 Dungeon Crawl Stone Soup version 0.29.1 (webtiles) character file.

Game seed: 18079141820927030590

55403 qw the Warrior (level 14, -1/211 HPs)
             Began as a Minotaur Berserker on Sept 13, 2022.
             Was an Elder of Trog.
             Slain by a seven-headed hydra (7 damage)
             ... on level 12 of the Dungeon.
             The game lasted 00:07:37 (23148 turns).

qw the Warrior (Minotaur Berserker)                Turns: 23148, Time: 00:07:37

Health: -1/211     AC: 22    Str: 28    XL:     14   Next: 38%
Magic:  14/14      EV: 11    Int:  7    God:    Trog [****..]
Gold:   639        SH:  5    Dex:  9    Spells: 13/13 levels left

rFire   . . .      SeeInvis .   s - -1 demon whip (venom)
rCold   + . .      Faith    .   w - +0 buckler
rNeg    . . .      Spirit   .   i - +4 chain mail "Onlyawnun" {+Inv rElec rC+ Will-}
rPois   .          Reflect  .   r - +1 hat
rElec   +          Harm     .   l - +0 cloak
rCorr   +          Rampage  .   f - +0 pair of gloves
Will    .....                   p - +0 pair of boots
Stlth   ..........              (no amulet)
HPRegen 0.45/turn               t - ring of resist corrosion
MPRegen 0.14/turn               b - ring of Aseij {Wiz Int+3}

@: berserking (expiring), very quick
A: horns 2, retaliatory headbutt, high MP 1, wild magic 1, MP-powered wands,
sturdy frame 1
a: Renounce Religion, Evoke Invisibility, Berserk, Trog's Hand, Brothers in Arms


You were on level 12 of the Dungeon.
You worshipped Trog.
Trog was greatly pleased with you.
You visited 2 branches of the dungeon, and saw 17 of its levels.
You also visited: Ossuary.

You collected 1094 gold pieces.
You spent 455 gold pieces at shops.


Innate Abilities, Weirdness & Mutations

You have a pair of horns on your head.
You reflexively headbutt those who attack you in melee.
You have an increased reservoir of magic. (+10% MP)
Your spells are a little harder to cast, but a little more powerful.
You expend magic power (3 MP) to strengthen your wands.
Your movements are slightly less encumbered by armour. (ER -2)


   Skills:
 - Level 17.8 Fighting
 - Level 16.1 Axes
 - Level 8.0 Throwing
 - Level 14.0 Armour
 - Level 7.0 Dodging
 + Level 6.0 Shields


You had 13 spell levels left.
You didn't know any spells.
Your spell library was empty.

Inventory:

Hand Weapons
 s - a -1 demon whip of venom (weapon)
 Y - a +1 war axe of freezing
Missiles
 a - 4 boomerangs
 u - 8 javelins (quivered)
 v - 4 silver boomerangs
Armour
 f - a +0 pair of gloves (worn)
 i - the +4 chain mail "Onlyawnun" (worn) {+Inv rElec rC+ Will-}
   (You found it on level 2 of the Dungeon)

   rC:        It protects you from cold.
   rElec:     It insulates you from electricity.
   +Inv:      It lets you turn invisible.
   Will:      It decreases your willpower.
 k - a +0 plate armour
 l - a +0 cloak (worn)
 p - a +0 pair of boots (worn)
 r - a +1 hat (worn)
 w - a +0 buckler (worn)
Jewellery
 b - the ring of Aseij (right hand) {Wiz Int+3}
   (You found it on level 7 of the Dungeon)

   [ring of wizardry]

   It improves your spell success rate.
   Int:       It affects your intelligence (+3).
 j - a ring of ice
 n - the ring of Gozag's Scorn {Ice rN+ Dex+2}
   (You found it on level 4 of the Dungeon)

   [ring of ice]

   It enhances your ice magic.
   Dex:       It affects your dexterity (+2).
   rF:        It makes you vulnerable to fire.
   rC:        It protects you from cold.
   rN:        It protects you from negative energy.
 q - a ring of positive energy
 t - a ring of resist corrosion (left hand)
Scrolls
 d - 6 scrolls of identify
 h - 4 scrolls of teleportation
Potions
 c - 7 potions of heal wounds
 e - a potion of might
 g - 5 potions of haste
 o - 13 potions of curing

Dungeon Overview and Level Annotations

Branches:
Dungeon (12/15)            Temple (0/1) D:7            Lair (5/5) D:11
  Swamp (0/4) Lair:3       Spider (0/4) Lair:2        Slime (0/5) Lair:5
    Orc (0/2) D:11        Ossuary (visited)

Altars:
Elyvilon
Fedhas
Gozag
Kikubaaqudgha
Makhleb
Okawaru
Ru
Trog
Yredelemnul
Jiyva

Shops:
D:11 *

Annotations:
Lair:2 3 runed translucent doors, qw's ghost, journeyman MiBe


Message History

The cyan ugly thing pecks you. The cyan ugly thing shocks you. You resist.
The seven-headed hydra bites you!
The seven-headed hydra bites you but does no damage.
The seven-headed hydra bites you! x2
The seven-headed hydra bites you but does no damage.
The seven-headed hydra bites you.
The seven-headed hydra bites you but does no damage.
The basilisk bites you.
The cyan ugly thing pecks you but does no damage.
The seven-headed hydra bites you but does no damage. x2
The seven-headed hydra bites you!
The seven-headed hydra bites you but does no damage.
The seven-headed hydra bites you.
The seven-headed hydra bites you but does no damage. x2
You turn to flesh and can move again.
You completely miss the basilisk. Your headbutt misses the basilisk.
The basilisk is lightly wounded.
You barely miss the basilisk.
The basilisk is lightly wounded.
You block the basilisk's attack.
You whack the basilisk!
The basilisk looks as sick as possible!
You headbutt the basilisk!
The basilisk is severely wounded.
The cyan ugly thing pecks you. The cyan ugly thing shocks you. You resist.
The seven-headed hydra bites you.
The seven-headed hydra bites you but does no damage.
The seven-headed hydra bites you!
The seven-headed hydra bites you but does no damage. x4
You closely miss the basilisk.
The basilisk is almost dead.
You hit the basilisk.
The basilisk looks as sick as possible!
You headbutt the basilisk.
You kill the basilisk!
Trog accepts your kill.
The cyan ugly thing pecks you but does no damage.
You hear some strange, mumbled words.
A shard of ice appears from out of thin air!
The shard of ice hits you! You partially resist.
The seven-headed hydra bites you! x3
You die...

#... #... .. #... ...
..#... ... ......
#####.####### ###.
#.........#.. ..#.
#....#.o..#.# #.#.
#..#D@.#..#.# #.#.
#.WDu..)..#.# #.#.
....#.{...#)..# #...
###.......)%#.# #.#.
#..#...#..#.# #.#.
#....#....#.#######.#.
#.........#.........#.
#####.#########.#####.
... #...........


You could see an orc warlord, a seven-headed hydra, a four-headed hydra, a cyan
ugly thing and a wraith.

Vanquished Creatures
  Snorg (D:10)
  Josephine (Lair:5)
  Fannar (D:10)
  2 boulder beetles
  7 hydras
  A two-headed ogre (D:11)
  Nergalle (D:11)
  Amaemon (D:9)
  2 bog bodies (Lair:3)
  A deep elf pyromancer (D:12)
  2 oklob plants (D:11)
  2 manticores
  2 cyclopes (D:11)
  4 elephants (Lair:4)
  3 black mambas
  An orange demon (D:9)
  5 cane toads
  3 gargoyles
  A kobold demonologist (D:12)
  7 rime drakes
  11 komodo dragons
  2 trolls
  4 polar bears (Lair:5)
  4 hornets
  34 blink frogs
  A slime creature (D:12)
  2 dream sheep (Lair:5)
  3 jumping spiders (Lair:2)
  11 spriggans (Lair:5)
  2 shadows
  5 wyverns
  64 yaks
  6 wraiths
  Eustachio (D:6)
  A steam dragon (D:8)
  A redback (Lair:2)
  2 basilisks
  Grum (D:10)
  2 swamp worms (Lair:3)
  An acid dragon (D:11)
  11 water moccasins
  An ice beast (D:5)
  5 orc warriors
  A black bear (Lair:5)
  4 ogres
  5 boggarts (Lair:5)
  20 wolves
  3 centaurs
  A phantom (D:3)
  An elf zombie (Ossuary)
  3 kobold brigands
  7 bullfrogs
  3 necrophages
  A gnoll sergeant (D:5)
  7 scorpions
  26 killer bees
  8 howler monkeys
  An electric eel (Lair:3)
  2 jellies
  2 centaur zombies (Ossuary)
  6 hounds
  8 orc priests
  A gnoll bouda (D:9)
  Jessica (D:2)
  Terence (D:2)
  4 iguanas
  6 orc wizards
  6 hell rats (Lair:3)
  2 mummies (Ossuary)
  11 adders
  12 gnolls
  A river rat (D:6)
  2 white imps
  An adder zombie (Ossuary)
  5 dart slugs
  33 orcs
  5 endoplasms
  A giant cockroach (D:1)
  7 goblins
  3 hobgoblins
  17 kobolds
  7 quokkas
  3 ball pythons
  4 bats
  3 frilled lizards
  2 goblin zombies (Ossuary)
  7 hobgoblin zombies (Ossuary)
  2 jackal zombies (Ossuary)
  14 kobold zombies (Ossuary)
  7 orc zombies (Ossuary)
  8 rats
  A rat zombie (Ossuary)
509 creatures vanquished.

Vanquished Creatures (collateral kills)
  A hydra (Lair:3)
  A rime drake (Lair:3)
  A komodo dragon (Lair:1)
  2 blink frogs
5 creatures vanquished.

Vanquished Creatures (others)
  36 fungi
  59 plants
  14 toadstools (Lair:1)
109 creatures vanquished.

Grand Total: 623 creatures vanquished

Notes
Turn   | Place    | Note
-------+----------+-------------------------------------------
     0 | D:1      | qw the Minotaur Berserker began the quest for the Orb.
     0 | D:1      | Reached XP level 1. HP: 19/19 MP: 0/0
     0 | D:1      | 0 ||| qw: Version: 0.1-a-119-g272c26d
     0 | D:1      | 0 ||| qw: Game counter: 11217
     0 | D:1      | 0 ||| qw: Always use a shield: true
     0 | D:1      | 0 ||| qw: Do Orc after D:15 true
     0 | D:1      | 0 ||| qw: Do second Lair branch before Depths: true
     0 | D:1      | 0 ||| qw: Lair rune preference: random
     0 | D:1      | 0 ||| qw: Plans: Normal
     0 | D:1      | 0 ||| PLANNING D:1-11
   115 | D:1      | 115 ||| Stepping ~*~*~tactically~*~*~ (stealth).
   146 | D:1      | 146 ||| Stepping ~*~*~tactically~*~*~ (stealth).
   329 | D:1      | Reached XP level 2. HP: 26/26 MP: 1/1
   372 | D:1      | 372 ||| INVOKING Berserk.
   537 | D:1      | 537 ||| Stepping ~*~*~tactically~*~*~ (stealth).
   829 | D:2      | Reached XP level 3. HP: 17/31 MP: 2/2
  1086 | D:2      | Found a faded altar of an unknown god.
  1111 | D:2      | 1111 ||| Stepping ~*~*~tactically~*~*~ (hiding).
  1114 | D:2      | 1114 ||| Stepping ~*~*~tactically~*~*~ (hiding).
  1115 | D:2      | 1115 ||| Stepping ~*~*~tactically~*~*~ (hiding).
  1287 | D:2      | Reached ** piety under Trog
  1326 | D:2      | Identified the +4 chain mail "Onlyawnun" {+Inv rElec rC+
                  | Will-}
  1415 | D:2      | 1415 ||| Stepping ~*~*~tactically~*~*~ (stealth).
  1462 | D:2      | 1462 ||| INVOKING Berserk.
  1466 | D:2      | Reached skill level 6 in Axes
  1466 | D:2      | Reached XP level 4. HP: 39/39 MP: 3/3
  1590 | D:2      | Noticed Jessica
  1592 | D:2      | Killed Jessica
  1672 | D:2      | Noticed Terence
  1679 | D:2      | 1679 ||| INVOKING Berserk.
  1682 | D:2      | Killed Terence
  1683 | D:2      | Reached XP level 5. HP: 45/45 MP: 4/4
  2130 | D:2      | 2130 ||| UPGRADING to +0 pair of gloves.
  2135 | D:2      | 2135 ||| UPGRADING to +0 scale mail.
  2145 | D:2      | 2145 ||| DROPPING +0 animal skin.
  2146 | D:2      | 2146 ||| UPGRADING to +4 chain mail "Onlyawnun" {+Inv rElec
                  | rC+ Will-}.
  2156 | D:2      | 2156 ||| DROPPING +0 scale mail.
  2157 | D:2      | 2157 ||| READING scroll labelled LEATIA SOONAD.
  2158 | D:2      | 2158 ||| READING scroll labelled GIDAPOYPNO.
  2159 | D:2      | 2159 ||| READING scroll labelled KOLAYN SIOSTRY.
  2160 | D:2      | 2160 ||| READING 4 scrolls labelled QAMEATTOYLL.
  2161 | D:2      | 2161 ||| READING 3 scrolls of enchant weapon.
  2161 | D:2      | 2161 ||| ENCHANTING +1 hand axe.
  2162 | D:2      | 2162 ||| READING 2 scrolls of enchant weapon.
  2162 | D:2      | 2162 ||| ENCHANTING +2 hand axe.
  2163 | D:2      | 2163 ||| READING scroll of enchant weapon.
  2163 | D:2      | 2163 ||| ENCHANTING +3 hand axe.
  2164 | D:2      | 2164 ||| READING scroll labelled CEDAUQ CUAPE.
  2165 | D:2      | 2165 ||| DRINKING 3 sedimented coppery potions.
  2310 | D:3      | Reached skill level 4 in Fighting
  2313 | D:3      | 2313 ||| FLEEEEING.
  2317 | D:3      | 2317 ||| STAIRDANCE
  2431 | D:2      | 2431 ||| DRINKING 2 fuming red potions.
  2444 | D:3      | 2444 ||| Stepping ~*~*~tactically~*~*~ (stealth).
  2560 | D:3      | 2560 ||| Stepping ~*~*~tactically~*~*~ (stealth).
  2563 | D:3      | 2563 ||| Stepping ~*~*~tactically~*~*~ (stealth).
  2564 | D:3      | 2564 ||| Stepping ~*~*~tactically~*~*~ (stealth).
  2566 | D:3      | 2566 ||| Stepping ~*~*~tactically~*~*~ (stealth).
  2839 | D:3      | 2839 ||| SWAPPING to +0 war axe.
  2842 | D:3      | 2842 ||| DROPPING +4 hand axe.
  3201 | D:3      | Reached XP level 6. HP: 45/55 MP: 5/5
  3291 | D:4      | 3291 ||| STAIRDANCE
  3323 | D:4      | 3323 ||| INVOKING Berserk.
  3466 | D:4      | Identified the ring of Gozag's Scorn {Ice rN+ Dex+2}
  3718 | D:4      | Found a white marble altar of Elyvilon.
  3841 | D:4      | 3841 ||| DROPPING +0 mace.
  4533 | D:4      | 4533 ||| UPGRADING to +0 cloak.
  4538 | D:4      | 4538 ||| UPGRADING to +1 hat.
  4543 | D:4      | 4543 ||| READING scroll labelled IKHETE OKISO.
  4644 | D:4      | 4644 ||| READING scroll labelled DEROEC HIJOKH.
  4645 | D:4      | 4645 ||| READING scroll labelled JOANOR ZEAR.
  4648 | D:4      | 4648 ||| DRINKING 2 blue potions.
  4749 | D:4      | 4749 ||| DRINKING 2 bubbling inky potions.
  4750 | D:4      | 4750 ||| DRINKING 2 fuming amethyst potions.
  4751 | D:4      | 4751 ||| DROPPING potion of ambrosia.
  4752 | D:4      | 4752 ||| DROPPING potion of invisibility.
  4753 | D:4      | 4753 ||| DROPPING potion of brilliance.
  4761 | D:5      | Entered Level 5 of the Dungeon
  4762 | D:5      | 4762 ||| PLANNING OSSUARY
  4788 | D:5      | Noticed an ice beast
  4803 | D:5      | Killed an ice beast
  4804 | D:5      | Reached skill level 3 in Armour
  4804 | D:5      | Reached XP level 7. HP: 48/60 MP: 6/6
  4881 | D:5      | Reached skill level 9 in Axes
  4902 | D:5      | Reached skill level 5 in Fighting
  5012 | D:5      | Reached *** piety under Trog
  5016 | D:5      | 5016 ||| Stepping ~*~*~tactically~*~*~ (stealth).
  5106 | D:5      | 5106 ||| Stepping ~*~*~tactically~*~*~ (hiding).
  5214 | D:5      | Found a sand-covered staircase.
  5218 | Ossuary  | Entered an ossuary
  5330 | Ossuary  | Reached skill level 6 in Fighting
  5330 | Ossuary  | Reached XP level 8. HP: 64/70 MP: 7/7
  5341 | Ossuary  | Reached **** piety under Trog
  5608 | Ossuary  | 5608 ||| DRINKING 2 clear potions.
  5622 | D:5      | 5622 ||| PLANNING D:1-11
  5692 | D:5      | 5692 ||| Stepping ~*~*~tactically~*~*~ (hiding).
  5695 | D:5      | 5695 ||| Stepping ~*~*~tactically~*~*~ (stealth).
  5714 | D:5      | 5714 ||| Stepping ~*~*~tactically~*~*~ (stealth).
  5723 | D:5      | 5723 ||| INVOKING Berserk.
  5918 | D:5      | 5918 ||| INVOKING Berserk.
  6335 | D:5      | 6335 ||| DROPPING +0 chain mail of cold resistance.
  6336 | D:5      | 6336 ||| DRINKING 2 orange potions.
  6385 | D:5      | 6385 ||| DROPPING potion of lignification.
  6403 | D:6      | 6403 ||| PLANNING SEWER
  6403 | D:6      | 6403 ||| STAIRDANCE
  6408 | D:5      | Reached skill level 12 in Axes
  6410 | D:6      | 6410 ||| STAIRDANCE
  6415 | D:6      | 6415 ||| STAIRDANCE
  6417 | D:6      | 6417 ||| STAIRDANCE
  6419 | D:5      | 6419 ||| DRINKING 8 potions of curing.
  6419 | D:5      | 6419 ||| (to cure confusion)
  6432 | D:6      | 6432 ||| INVOKING Berserk.
  6451 | D:6      | 6451 ||| FLEEEEING.
  6452 | D:6      | 6452 ||| FLEEEEING.
  6453 | D:6      | 6453 ||| Stepping ~*~*~tactically~*~*~ (stealth).
  6455 | D:6      | 6455 ||| FLEEEEING.
  6456 | D:6      | 6456 ||| STAIRDANCE
  6513 | D:6      | Noticed Eustachio
  6514 | D:6      | 6514 ||| Stepping ~*~*~tactically~*~*~ (stealth).
  6522 | D:6      | 6522 ||| INVOKING Berserk.
  6535 | D:6      | Killed Eustachio
  6536 | D:6      | Reached skill level 7 in Fighting
  6750 | D:6      | 6750 ||| INVOKING Berserk.
  6760 | D:6      | Reached XP level 9. HP: 79/79 MP: 8/8
  6904 | D:6      | 6904 ||| INVOKING Berserk.
  6978 | D:6      | 6978 ||| RIP SEWER
  7010 | D:6      | 7010 ||| PLANNING D:1-11
  7159 | D:6      | 7159 ||| INVOKING Berserk.
  7334 | D:6      | Found an iron altar of Okawaru.
  7334 | D:6      | Found a burning altar of Makhleb.
  7339 | D:6      | Found an opulent altar of Gozag.
  7357 | D:6      | Found a bloodstained altar of Trog.
  7369 | D:6      | Found a sacrificial altar of Ru.
  7374 | D:6      | Found a basalt altar of Yredelemnul.
  7566 | D:6      | 7566 ||| READING scroll labelled DISHAST ZUKI.
  7567 | D:6      | 7567 ||| DRINKING 2 purple potions.
  7567 | D:6      | Gained mutation: Armour fits poorly on your strangely
                  | shaped body. [potion of mutation]
  7568 | D:6      | 7568 ||| DRINKING potion of mutation.
  7568 | D:6      | Lost mutation: Armour fits poorly on your strangely shaped
                  | body. [potion of mutation]
  7568 | D:6      | Gained mutation: You are occasionally teleported next to
                  | monsters. [potion of mutation]
  7568 | D:6      | Gained mutation: You passively map a small area around you.
                  | [potion of mutation]
  7568 | D:6      | Gained mutation: Your flesh is heat resistant. (rF+)
                  | [potion of mutation]
  7569 | D:6      | 7569 ||| UPGRADING to ring of Gozag's Scorn {Ice rN+
                  | Dex+2}.
  7617 | D:7      | 7617 ||| Stepping ~*~*~tactically~*~*~ (hiding).
  7623 | D:7      | 7623 ||| Stepping ~*~*~tactically~*~*~ (stealth).
  7624 | D:7      | 7624 ||| Stepping ~*~*~tactically~*~*~ (stealth).
  7626 | D:7      | 7626 ||| Stepping ~*~*~tactically~*~*~ (stealth).
  7705 | D:7      | Reached skill level 3 in Dodging
  7732 | D:7      | 7732 ||| Stepping ~*~*~tactically~*~*~ (stealth).
  7737 | D:7      | 7737 ||| Stepping ~*~*~tactically~*~*~ (hiding).
  7738 | D:7      | 7738 ||| INVOKING Berserk.
  7742 | D:7      | Reached skill level 8 in Fighting
  7911 | D:7      | Found a staircase to the Ecumenical Temple.
  7924 | D:7      | 7924 ||| INVOKING Berserk.
  8251 | D:7      | Identified the ring of Aseij {Wiz Int+3}
  8308 | D:7      | 8308 ||| INVOKING Berserk.
  8417 | D:7      | 8417 ||| DROPPING +0 flail.
  8660 | D:7      | 8660 ||| UPGRADING to +0 pair of boots.
  8665 | D:7      | 8665 ||| UPGRADING to ring of Aseij {Wiz Int+3}.
  8666 | D:7      | 8666 ||| DRINKING 2 fuming yellow potions.
  8667 | D:7      | 8667 ||| DROPPING potion of degeneration.
  8698 | D:8      | 8698 ||| INVOKING Berserk.
  8705 | D:8      | 8705 ||| STAIRDANCE
  8827 | D:8      | 8827 ||| Stepping ~*~*~tactically~*~*~ (stealth).
  8828 | D:8      | 8828 ||| Stepping ~*~*~tactically~*~*~ (stealth).
  8832 | D:8      | Reached skill level 6 in Armour
  8867 | D:8      | 8867 ||| Stepping ~*~*~tactically~*~*~ (stealth).
  8870 | D:8      | 8870 ||| Stepping ~*~*~tactically~*~*~ (stealth).
  8910 | D:8      | 8910 ||| INVOKING Berserk.
  8919 | D:8      | Reached skill level 1 in Throwing
  9014 | D:8      | 9014 ||| Stepping ~*~*~tactically~*~*~ (stealth).
  9015 | D:8      | 9015 ||| Stepping ~*~*~tactically~*~*~ (stealth).
  9021 | D:8      | 9021 ||| Stepping ~*~*~tactically~*~*~ (stealth).
  9129 | D:8      | 9129 ||| DRINKING potion of mutation.
  9129 | D:8      | Lost mutation: Your flesh is heat resistant. (rF+) [potion
                  | of mutation]
  9129 | D:8      | Lost mutation: You are occasionally teleported next to
                  | monsters. [potion of mutation]
  9129 | D:8      | Lost mutation: You passively map a small area around you.
                  | [potion of mutation]
  9129 | D:8      | Gained mutation: Your body sometimes deteriorates upon
                  | taking damage. [potion of mutation]
  9129 | D:8      | Gained mutation: Your body often deteriorates upon taking
                  | damage. [potion of mutation]
  9129 | D:8      | Gained mutation: You are strong-willed. (Will+) [potion of
                  | mutation]
  9130 | D:8      | 9130 ||| REMOVING ring of Gozag's Scorn {Ice rN+ Dex+2}.
  9142 | D:8      | 9142 ||| INVOKING Berserk.
  9146 | D:8      | Reached XP level 10. HP: 88/88 MP: 9/9
  9164 | D:8      | Reached skill level 15 in Axes
  9526 | D:8      | 9526 ||| READING scroll labelled HASHRU MAKAUT.
  9527 | D:8      | 9527 ||| DRINKING 3 fizzy dark potions.
  9528 | D:8      | 9528 ||| READING 2 scrolls of teleportation.
  9580 | D:9      | 9580 ||| Stepping ~*~*~tactically~*~*~ (stealth).
  9593 | D:9      | 9593 ||| Stepping ~*~*~tactically~*~*~ (stealth).
  9594 | D:9      | Reached skill level 9 in Fighting
  9770 | D:9      | 9770 ||| Stepping ~*~*~tactically~*~*~ (stealth).
  9921 | D:9      | 9921 ||| Stepping ~*~*~tactically~*~*~ (hiding).
 10056 | D:9      | 10056 ||| Stepping ~*~*~tactically~*~*~ (stealth).
 10086 | D:9      | Noticed an orange demon
 10087 | D:9      | 10087 ||| Stepping ~*~*~tactically~*~*~ (stealth).
 10089 | D:9      | 10089 ||| Stepping ~*~*~tactically~*~*~ (hiding).
 10092 | D:9      | Noticed Amaemon
 10098 | D:9      | 10098 ||| INVOKING Berserk.
 10104 | D:9      | Killed Amaemon
 10108 | D:9      | Killed an orange demon
 10160 | D:9      | 10160 ||| Stepping ~*~*~tactically~*~*~ (stealth).
 10265 | D:9      | 10265 ||| DROPPING +0 morningstar.
 10285 | D:9      | 10285 ||| Stepping ~*~*~tactically~*~*~ (hiding).
 10336 | D:9      | Found an ancient bone altar of Kikubaaqudgha.
 10512 | D:9      | 10512 ||| Stepping ~*~*~tactically~*~*~ (stealth).
 10517 | D:9      | 10517 ||| Stepping ~*~*~tactically~*~*~ (stealth).
 10526 | D:9      | Reached ***** piety under Trog
 10717 | D:9      | 10717 ||| READING scroll labelled JULYAS UCEQEHU.
 10718 | D:9      | 10718 ||| READING 3 scrolls of identify.
 10718 | D:9      | 10718 ||| IDENTIFYING fizzy cyan potion
 10719 | D:9      | 10719 ||| DROPPING potion of attraction.
 10766 | D:10     | Entered Level 10 of the Dungeon
 10767 | D:10     | 10767 ||| STAIRDANCE
 10772 | D:9      | Reached skill level 10 in Fighting
 10833 | D:10     | Reached XP level 11. HP: 77/99 MP: 10/10
 10833 | D:10     | 10833 ||| STAIRDANCE
 11026 | D:10     | 11026 ||| Stepping ~*~*~tactically~*~*~ (stealth).
 11032 | D:10     | 11032 ||| Stepping ~*~*~tactically~*~*~ (stealth).
 11034 | D:10     | 11034 ||| Stepping ~*~*~tactically~*~*~ (stealth).
 11035 | D:10     | 11035 ||| Stepping ~*~*~tactically~*~*~ (stealth).
 11039 | D:10     | 11039 ||| Stepping ~*~*~tactically~*~*~ (hiding).
 11041 | D:10     | 11041 ||| INVOKING Berserk.
 11183 | D:10     | Noticed Grum
 11184 | D:10     | 11184 ||| Stepping ~*~*~tactically~*~*~ (stealth).
 11187 | D:10     | 11187 ||| INVOKING Brothers in Arms.
 11188 | D:10     | 11188 ||| INVOKING Brothers in Arms.
 11189 | D:10     | 11189 ||| INVOKING Berserk.
 11197 | D:10     | Killed Grum
 11525 | D:10     | Noticed Snorg
 11526 | D:10     | 11526 ||| INVOKING Brothers in Arms.
 11527 | D:10     | 11527 ||| INVOKING Berserk.
 11539 | D:10     | Killed Snorg
 11540 | D:10     | Reached skill level 9 in Armour
 11766 | D:10     | Noticed Fannar
 11767 | D:10     | 11767 ||| Stepping ~*~*~tactically~*~*~ (hiding).
 11779 | D:10     | Killed Fannar
 12123 | D:10     | Identified the +1 mace of Circularity {flame, Int+2 Dex+5}
 12183 | D:10     | 12183 ||| INVOKING Berserk.
 12413 | D:10     | 12413 ||| INVOKING Berserk.
 12420 | D:10     | Reached skill level 11 in Fighting
 12603 | D:10     | 12603 ||| READING 3 scrolls of identify.
 12603 | D:10     | 12603 ||| IDENTIFYING amethyst potion
 12604 | D:10     | 12604 ||| DROPPING potion of flight.
 12617 | D:11     | Noticed Nergalle
 12620 | D:11     | 12620 ||| INVOKING Berserk.
 12628 | D:11     | Killed Nergalle
 12722 | D:11     | 12722 ||| DRINKING potion of mutation.
 12722 | D:11     | Lost mutation: Your body often deteriorates upon taking
                  | damage. [potion of mutation]
 12722 | D:11     | Lost mutation: Your body sometimes deteriorates upon taking
                  | damage. [potion of mutation]
 12722 | D:11     | Lost mutation: You are strong-willed. (Will+) [potion of
                  | mutation]
 12722 | D:11     | Gained mutation: You expend magic power (3 MP) to
                  | strengthen your wands. [potion of mutation]
 12722 | D:11     | Gained mutation: Your movements are slightly less
                  | encumbered by armour. (ER -2) [potion of mutation]
 12722 | D:11     | Gained mutation: You have an increased reservoir of magic.
                  | (+10% MP) [potion of mutation]
 12722 | D:11     | Gained mutation: Your spells are a little harder to cast,
                  | but a little more powerful. [potion of mutation]
 12736 | D:11     | Found Qeusott's Assorted Antiques.
 12744 | D:11     | 12744 ||| BUYING 3 scrolls labelled SUTTOY FUASK (105
                  | gold).
 12744 | D:11     | Bought 3 scrolls labelled SUTTOY FUASK for 105 gold pieces
 12744 | D:11     | 12744 ||| BUYING encrusted bronze ring (175 gold).
 12744 | D:11     | Bought an encrusted bronze ring for 175 gold pieces
 12744 | D:11     | 12744 ||| BUYING potion of curing (105 gold).
 12744 | D:11     | Bought a potion of curing for 105 gold pieces
 12744 | D:11     | 12744 ||| SHOPLISTING potion of haste (350 gold, have 221).
 12744 | D:11     | 12744 ||| BUYING scroll of identify (70 gold).
 12744 | D:11     | Bought a scroll of identify for 70 gold pieces
 12771 | D:11     | 12771 ||| FLEEEEING.
 12772 | D:11     | 12772 ||| FLEEEEING.
 12778 | D:11     | 12778 ||| FLEEEEING.
 12779 | D:11     | 12779 ||| FLEEEEING.
 12780 | D:11     | 12780 ||| FLEEEEING.
 12781 | D:11     | 12781 ||| FLEEEEING.
 12788 | D:11     | 12788 ||| FLEEEEING.
 12789 | D:11     | 12789 ||| FLEEEEING.
 12790 | D:11     | 12790 ||| FLEEEEING.
 12791 | D:11     | 12791 ||| FLEEEEING.
 12792 | D:11     | 12792 ||| FLEEEEING.
 12793 | D:11     | 12793 ||| FLEEEEING.
 12800 | D:11     | 12800 ||| STAIRDANCE
 12864 | D:10     | 12864 ||| UPGRADING to ring of positive energy.
 12865 | D:10     | 12865 ||| UPGRADING to ring of resist corrosion.
 12867 | D:10     | 12867 ||| READING 3 scrolls labelled SUTTOY FUASK.
 12868 | D:10     | 12868 ||| DROPPING 2 scrolls of magic mapping.
 12952 | D:11     | Noticed a boulder beetle
 12959 | D:11     | 12959 ||| INVOKING Berserk.
 12972 | D:11     | Killed a boulder beetle
 12973 | D:11     | Reached skill level 12 in Fighting
 13083 | D:11     | 13083 ||| Stepping ~*~*~tactically~*~*~ (stealth).
 13233 | D:11     | Found a staircase to the Lair.
 13233 | D:11     | Noticed an oklob plant
 13233 | D:11     | Noticed an oklob plant
 13234 | D:11     | 13234 ||| INVOKING Berserk.
 13239 | D:11     | Killed an oklob plant
 13248 | D:11     | Killed an oklob plant
 13249 | D:11     | Reached skill level 13 in Fighting
 13471 | D:11     | Noticed a four-headed hydra
 13472 | D:11     | 13472 ||| INVOKING Brothers in Arms.
 13473 | D:11     | 13473 ||| INVOKING Brothers in Arms.
 13474 | D:11     | 13474 ||| SWAPPING to -1 demon whip of venom.
 13476 | D:11     | 13476 ||| INVOKING Berserk.
 13479 | D:11     | Killed a four-headed hydra
 13497 | D:11     | 13497 ||| SWAPPING to +0 war axe of freezing.
 13658 | D:11     | Found a staircase to the Orcish Mines.
 13677 | D:11     | 13677 ||| INVOKING Berserk.
 13681 | D:11     | Reached XP level 12. HP: 115/115 MP: 12/12
 14090 | D:11     | Noticed a two-headed ogre
 14098 | D:11     | Killed a two-headed ogre
 14099 | D:11     | Reached skill level 3 in Throwing
 14202 | D:11     | 14202 ||| PLANNING LAIR
 14257 | D:11     | 14257 ||| Stepping ~*~*~tactically~*~*~ (stealth).
 14259 | D:11     | 14259 ||| Stepping ~*~*~tactically~*~*~ (stealth).
 14277 | D:11     | 14277 ||| Stepping ~*~*~tactically~*~*~ (stealth).
 14280 | Lair:1   | Entered Level 1 of the Lair of Beasts
 14481 | Lair:1   | 14481 ||| Stepping ~*~*~tactically~*~*~ (stealth).
 14558 | Lair:1   | 14558 ||| Stepping ~*~*~tactically~*~*~ (stealth).
 14566 | Lair:1   | 14566 ||| Stepping ~*~*~tactically~*~*~ (stealth).
 14568 | Lair:1   | 14568 ||| Stepping ~*~*~tactically~*~*~ (stealth).
 14661 | Lair:1   | Noticed a five-headed hydra
 14662 | Lair:1   | 14662 ||| Stepping ~*~*~tactically~*~*~ (stealth).
 14663 | Lair:1   | 14663 ||| INVOKING Brothers in Arms.
 14664 | Lair:1   | 14664 ||| INVOKING Brothers in Arms.
 14665 | Lair:1   | 14665 ||| INVOKING Brothers in Arms.
 14666 | Lair:1   | 14666 ||| INVOKING Brothers in Arms.
 14667 | Lair:1   | 14667 ||| SWAPPING to -1 demon whip of venom.
 14668 | Lair:1   | 14668 ||| INVOKING Berserk.
 14671 | Lair:1   | Killed a five-headed hydra
 14690 | Lair:1   | 14690 ||| SWAPPING to +0 war axe of freezing.
 14696 | Lair:1   | Reached skill level 6 in Throwing
 14700 | Lair:1   | HP: 25/115 [blink frog (5)]
 14701 | Lair:1   | 14701 ||| READING 3 scrolls of teleportation.
 14702 | Lair:1   | 14702 ||| DRINKING 9 potions of heal wounds.
 14705 | Lair:1   | HP: 23/115 [blink frog (7)]
 14706 | Lair:1   | 14706 ||| READING 2 scrolls of teleportation.
 14707 | Lair:1   | 14707 ||| DRINKING 8 potions of heal wounds.
 14707 | Lair:1   | HP: 11/115 [komodo dragon (7)]
 14708 | Lair:1   | 14708 ||| DRINKING 7 potions of heal wounds.
 15113 | Lair:1   | 15113 ||| Stepping ~*~*~tactically~*~*~ (stealth).
 15116 | Lair:1   | 15116 ||| INVOKING Berserk.
 15316 | Lair:1   | Found a blossoming altar of Fedhas.
 15368 | Lair:1   | Reached skill level 14 in Fighting
 15400 | Lair:1   | 15400 ||| Stepping ~*~*~tactically~*~*~ (stealth).
 15576 | Lair:1   | Noticed a five-headed hydra
 15577 | Lair:1   | 15577 ||| INVOKING Brothers in Arms.
 15579 | Lair:1   | 15579 ||| SWAPPING to -1 demon whip of venom.
 15580 | Lair:1   | 15580 ||| INVOKING Berserk.
 15584 | Lair:1   | Killed a five-headed hydra
 15590 | Lair:1   | 15590 ||| SWAPPING to +0 war axe of freezing.
 15600 | Lair:1   | Reached skill level 12 in Armour
 15878 | Lair:1   | 15878 ||| DROPPING +6 ring of intelligence.
 15879 | Lair:1   | 15879 ||| READING scroll labelled XEP BIONASEI.
 16086 | Lair:2   | Found a runed translucent gate.
 16086 | Lair:2   | Found a runed translucent gate.
 16086 | Lair:2   | Found a runed translucent gate.
 16087 | Lair:2   | Found a viscous altar of Jiyva.
 16087 | Lair:2   | Noticed qw's ghost (journeyman MiBe)
 16096 | Lair:2   | Reached skill level 15 in Fighting
 16105 | Lair:2   | 16105 ||| READING scroll of enchant weapon.
 16105 | Lair:2   | 16105 ||| ENCHANTING +0 war axe of freezing.
 16211 | Lair:2   | 16211 ||| INVOKING Berserk.
 16213 | Lair:2   | Reached skill level 6 in Dodging
 16579 | Lair:2   | Reached XP level 13. HP: 126/126 MP: 13/13
 16789 | Lair:2   | Found a hole to the Spider Nest.
 17270 | Lair:3   | 17270 ||| INVOKING Berserk.
 17282 | Lair:3   | 17282 ||| FLEEEEING.
 17283 | Lair:3   | 17283 ||| FLEEEEING.
 17284 | Lair:3   | 17284 ||| FLEEEEING.
 17285 | Lair:3   | 17285 ||| STAIRDANCE
 17434 | Lair:3   | 17434 ||| INVOKING Berserk.
 17572 | Lair:3   | 17572 ||| INVOKING Berserk.
 17584 | Lair:3   | 17584 ||| INVOKING Brothers in Arms.
 17587 | Lair:3   | 17587 ||| SWAPPING to -1 demon whip of venom.
 17589 | Lair:3   | 17589 ||| INVOKING Brothers in Arms.
 17594 | Lair:3   | 17594 ||| SWAPPING to +1 war axe of freezing.
 17830 | Lair:3   | 17830 ||| SWAPPING to -1 demon whip of venom.
 17832 | Lair:3   | 17832 ||| INVOKING Berserk.
 17834 | Lair:3   | Reached skill level 16 in Fighting
 17839 | Lair:3   | 17839 ||| SWAPPING to +1 war axe of freezing.
 18013 | Lair:3   | 18013 ||| INVOKING Berserk.
 18329 | Lair:3   | 18329 ||| Stepping ~*~*~tactically~*~*~ (hiding).
 18333 | Lair:3   | 18333 ||| INVOKING Berserk.
 18351 | Lair:3   | 18351 ||| Stepping ~*~*~tactically~*~*~ (stealth).
 18384 | Lair:3   | 18384 ||| INVOKING Berserk.
 18625 | Lair:3   | 18625 ||| Stepping ~*~*~tactically~*~*~ (stealth).
 18635 | Lair:3   | 18635 ||| Stepping ~*~*~tactically~*~*~ (stealth).
 18637 | Lair:3   | 18637 ||| INVOKING Brothers in Arms.
 18639 | Lair:3   | 18639 ||| SWAPPING to -1 demon whip of venom.
 18640 | Lair:3   | 18640 ||| INVOKING Berserk.
 18683 | Lair:3   | 18683 ||| SWAPPING to +1 war axe of freezing.
 18986 | Lair:3   | 18986 ||| INVOKING Berserk.
 19190 | Lair:3   | 19190 ||| Stepping ~*~*~tactically~*~*~ (hiding).
 19193 | Lair:3   | 19193 ||| FLEEEEING.
 19342 | Lair:3   | Found a staircase to the Swamp.
 19405 | Lair:3   | 19405 ||| READING scroll labelled BAT TETAXE.
 19425 | Lair:4   | 19425 ||| SWAPPING to -1 demon whip of venom.
 19427 | Lair:4   | 19427 ||| INVOKING Berserk.
 19462 | Lair:4   | 19462 ||| SWAPPING to +1 war axe of freezing.
 19587 | Lair:4   | 19587 ||| Stepping ~*~*~tactically~*~*~ (stealth).
 19589 | Lair:4   | 19589 ||| Stepping ~*~*~tactically~*~*~ (stealth).
 19592 | Lair:4   | 19592 ||| INVOKING Berserk.
 19963 | Lair:4   | 19963 ||| Stepping ~*~*~tactically~*~*~ (stealth).
 19968 | Lair:4   | Reached skill level 17 in Fighting
 20024 | Lair:4   | 20024 ||| INVOKING Berserk.
 20445 | Lair:4   | 20445 ||| READING scroll labelled MEVOHU WEKUA.
 20652 | Lair:5   | Entered Level 5 of the Lair of Beasts
 20717 | Lair:5   | 20717 ||| SWAPPING to -1 demon whip of venom.
 20718 | Lair:5   | 20718 ||| INVOKING Berserk.
 20730 | Lair:5   | 20730 ||| SWAPPING to +1 war axe of freezing.
 20854 | Lair:5   | 20854 ||| INVOKING Berserk.
 21003 | Lair:5   | 21003 ||| INVOKING Berserk.
 21109 | Lair:5   | 21109 ||| Stepping ~*~*~tactically~*~*~ (stealth).
 21135 | Lair:5   | 21135 ||| Stepping ~*~*~tactically~*~*~ (stealth).
 21136 | Lair:5   | 21136 ||| INVOKING Berserk.
 21221 | Lair:5   | 21221 ||| INVOKING Berserk.
 21226 | Lair:5   | Reached XP level 14. HP: 140/140 MP: 14/14
 21428 | Lair:5   | 21428 ||| Stepping ~*~*~tactically~*~*~ (stealth).
 21432 | Lair:5   | 21432 ||| INVOKING Brothers in Arms.
 21433 | Lair:5   | 21433 ||| INVOKING Brothers in Arms.
 21437 | Lair:5   | 21437 ||| SWAPPING to -1 demon whip of venom.
 21438 | Lair:5   | 21438 ||| SWAPPING to +1 war axe of freezing.
 21440 | Lair:5   | 21440 ||| SWAPPING to -1 demon whip of venom.
 21441 | Lair:5   | 21441 ||| INVOKING Berserk.
 21493 | Lair:5   | 21493 ||| SWAPPING to +1 war axe of freezing.
 21601 | Lair:5   | Identified the +1 ring mail of the Tarantula {rElec SInv}
 21657 | Lair:5   | 21657 ||| Stepping ~*~*~tactically~*~*~ (stealth).
 21740 | Lair:5   | Found a viscous altar of Jiyva.
 21788 | Lair:5   | 21788 ||| Stepping ~*~*~tactically~*~*~ (stealth).
 21793 | Lair:5   | Found a staircase to the Slime Pits.
 22003 | Lair:5   | 22003 ||| Stepping ~*~*~tactically~*~*~ (stealth).
 22005 | Lair:5   | Noticed Josephine
 22006 | Lair:5   | 22006 ||| Stepping ~*~*~tactically~*~*~ (stealth).
 22008 | Lair:5   | 22008 ||| Stepping ~*~*~tactically~*~*~ (stealth).
 22039 | Lair:5   | 22039 ||| Stepping ~*~*~tactically~*~*~ (stealth).
 22041 | Lair:5   | 22041 ||| Stepping ~*~*~tactically~*~*~ (stealth).
 22050 | Lair:5   | 22050 ||| INVOKING Berserk.
 22064 | Lair:5   | 22064 ||| FLEEEEING.
 22069 | Lair:5   | 22069 ||| STAIRDANCE
 22171 | Lair:4   | 22171 ||| UPGRADING to +0 buckler.
 22176 | Lair:4   | 22176 ||| DROPPING ring of flight.
 22177 | Lair:4   | 22177 ||| READING scroll labelled WECKEU XORIN.
 22260 | Lair:5   | Reached skill level 1 in Shields
 22334 | Lair:5   | 22334 ||| Stepping ~*~*~tactically~*~*~ (stealth).
 22416 | Lair:5   | Reached skill level 3 in Shields
 22421 | Lair:5   | Found the +3 greatsling "Punk" {acid, rCorr}
 22480 | Lair:5   | 22480 ||| Stepping ~*~*~tactically~*~*~ (stealth).
 22487 | Lair:5   | Killed Josephine
 22676 | Lair:5   | 22676 ||| Stepping ~*~*~tactically~*~*~ (stealth).
 22839 | Lair:5   | 22839 ||| PLANNING D
 22839 | Lair:5   | 22839 ||| READING 6 scrolls of identify.
 22839 | Lair:5   | 22839 ||| IDENTIFYING bubbling pink potion
 22840 | Lair:5   | 22840 ||| DROPPING potion of magic.
 23120 | D:12     | 23120 ||| Stepping ~*~*~tactically~*~*~ (hiding).
 23128 | D:12     | Reached skill level 6 in Shields
 23128 | D:12     | 23128 ||| Stepping ~*~*~tactically~*~*~ (hiding).
 23129 | D:12     | 23129 ||| Stepping ~*~*~tactically~*~*~ (hiding).
 23130 | D:12     | 23130 ||| INVOKING Brothers in Arms.
 23131 | D:12     | 23131 ||| SWAPPING to -1 demon whip of venom.
 23133 | D:12     | 23133 ||| INVOKING Berserk.
 23141 | D:12     | Noticed an orc warlord
 23143 | D:12     | HP: 52/211 [seven-headed hydra (6)]
 23148 | D:12     | HP: 25/211 [something/shard of ice (12)]
 23148 | D:12     | HP: 6/211 [seven-headed hydra (12)]
 23148 | D:12     | Slain by a seven-headed hydra

Levels and vault maps discovered:
D:1:      lemuel_arrival_muddy, layout_loops_ring, serial_bayou_pond_b,
          kennysheep_pointless_box
D:2:      layout_basic, shapermc_ecumenical_altar_starsandcircs, uniq_terence,
          uniq_jessica
D:3:      layout_basic
D:4:      layout_layer_cave, overflow_temple_1_default,
          kennysheep_big_empty_room
D:5:      layout_loops_ring, enter_ossuary_5, minmay_misc_feat_columns,
          grunt_ministairs_8
D:6:      layout_rooms, nicolae_overflow_hallway_of_the_gods,
          gup_sewer_entry_spiral, dreamdust_mushroom_princess, uniq_eustachio
D:7:      layout_loops_ring, minmay_temple_entry_arrows
D:8:      layout_cave_pools
D:9:      layout_roguey, mainiacjoe_overflow_six_doors_small,
          hangedman_corner_corridor, uniq_amaemon
D:10:     layout_loops_corners, uniq_snorg, uniq_fannar, uniq_grum
D:11:     layout_loops_ring, dpeg_oklobed_lair, serial_shops,
          nicolae_shop_waterfront, uniq_nergalle
D:12:     minmay_the_grid_net [minmay_the_grid_large_cup,
          minmay_the_grid_garden, minmay_the_grid_armoury,
          minmay_the_grid_zigzag_pyramid, minmay_the_grid_pillar_ring,
          minmay_the_grid_prize_trominoes], layout_grid_maze
Lair:1:   layout_regular_city, st_stairs_13, tgw_fedhas
Lair:2:   layout_regular_city, spider_nest_entry_funnel_web,
          gammafunk_ghost_ooze, chequers_serial_rivers_micro_e,
          infiniplex_staircase_pool_2
Lair:3:   layout_chaotic_city, nicolae_swamp_entry_splash_gauntlet, st_stairs_4
Lair:4:   layout_hall_layers, dpeg_oklob_1
Lair:5:   minmay_lair_end_enchanted_forest, layout_regular_city, slime_entry_1,
          uniq_josephine

Skill      XL: |  1  2  3  4  5  6  7  8  9 10 11 12 13 14 |
---------------+-------------------------------------------+-----
Axes           | 4 5 6 7 8 10 12 14 16 | 16.1
Fighting       | 4 6 7 8 10 13 15 17 | 17.8
Armour         | 3 4 5 6 7 10 12 13 14 | 14.0
Dodging        | 3 5 6 7 |  7.0
Throwing       | 1 2 6 8 |  8.0
Shields        | 6 |  6.0

Action                   |  1- 3 |  4- 6 |  7- 9 | 10-12 | 13-15 || total
-------------------------+-------+-------+-------+-------+-------++-------
Melee: Hand axe          |    52 |    44 |       |       |       ||    96
       Headbutt          |    11 |    10 |    57 |    92 |    87 ||   257
       War axe           |       |    95 |   309 |   449 |   424 ||  1277
       Punch             |       |     1 |     3 |     7 |     4 ||    15
       Demon whip        |       |       |       |    23 |    42 ||    65
Throw: Boomerang         |       |       |     5 |    54 |    41 ||   100
       Javelin           |       |       |       |    30 |   111 ||   141
Invok: Berserk           |     2 |     2 |    13 |    15 |    20 ||    52
       Brothers in Arms  |       |       |       |     5 |     5 ||    10
  Use: Scroll            |       |    11 |     1 |    10 |     4 ||    26
       Potion            |       |     5 |     7 |     5 |       ||    17
Armor: Animal skin       |     4 |     2 |       |       |       ||     6
       Chain mail        |       |    76 |   159 |   231 |   270 ||   736
Dodge: Dodged            |    24 |    51 |   117 |   198 |   178 ||   568
Block: Buckler           |       |       |       |       |    12 ||    12

Table legend:
 A = Non-vault XP
 B = Vault XP
 C = Vault XP percentage of total XP
 D = Non-vault monster count
 E = Vault monster count
 F = Vault count percentage of total count
                 A         B        C        D         E       F
            +---------+---------+-------+---------+---------+-------
      Total |   56942 |   22405 |  28.2 |     382 |     132 |  25.7
            +---------+---------+-------+---------+---------+-------
        D:1 |      36 |       2 |   5.3 |      16 |       1 |   5.9
        D:2 |     113 |      73 |  39.2 |      21 |       2 |   8.7
        D:3 |     272 |       0 |   0.0 |      17 |       0 |   0.0
        D:4 |     155 |       0 |   0.0 |      16 |       0 |   0.0
        D:5 |    1269 |      87 |   6.4 |      23 |       2 |   8.0
        D:6 |     777 |     229 |  22.8 |      16 |       7 |  30.4
        D:7 |    1341 |       0 |   0.0 |      25 |       0 |   0.0
        D:8 |    1912 |       0 |   0.0 |      24 |       0 |   0.0
        D:9 |    2697 |    1182 |  30.5 |      45 |       2 |   4.3
       D:10 |    2385 |    2261 |  48.7 |      16 |       5 |  23.8
       D:11 |    6766 |    1877 |  21.7 |      23 |       3 |  11.5
       D:12 |       0 |    3153 | 100.0 |       0 |       9 | 100.0
     Lair:1 |   10318 |     411 |   3.8 |      38 |       1 |   2.6
     Lair:2 |    4728 |     873 |  15.6 |      20 |       4 |  16.7
     Lair:3 |    8505 |    2071 |  19.6 |      29 |       7 |  19.4
     Lair:4 |    7453 |       0 |   0.0 |      24 |       0 |   0.0
     Lair:5 |    8215 |    9924 |  54.7 |      29 |      50 |  63.3
    Ossuary |       0 |     262 | 100.0 |       0 |      39 | 100.0
            +---------+---------+-------+---------+---------+-------
